 Dungeon Crawl Stone Soup version 0.31.0-11-ge490571c62 (webtiles) character file.

Game seed: 15893522462235188901

33 Killerpretzel the Changeling (level 3, -3/23 HPs)
             Began as an Octopode Shapeshifter on Feb 9, 2024.
             Slain by a goblin
             ... wielding a +0 club
             ... led by Robin
              (6 damage)
             ... on level 2 of the Dungeon.
             The game lasted 00:02:18 (719 turns).

Killerpretzel the Changeling (Octopode Shapeshifter) Turns: 719, Time: 00:02:19

Health: -3/23      AC:  1    Str: 13    XL:     3   Next: 29%
Magic:  3/3        EV: 13    Int: 12    God:
Gold:   69         SH:  5    Dex: 13    Spells: 2/2 levels left

rFire   . . .        n - +0 dagger
rCold   . . .        (no shield)
rNeg    . . .        (helmet currently unavailable)
rPois   .            d - amulet of reflection
rElec   .            (no ring)
rCorr   .            (no ring)
SInv    .            (no ring)
Will    .....        (no ring)
Stlth   ++           (no ring)
HPRegen 0.23/turn    (no ring)
MPRegen 0.08/turn    (no ring)
                     (no ring)

%: reflection
@: beast-form
A: beast (slay +1), almost no armour, amphibious, 8 rings, camouflage 1,
gelatinous body 1, (nimble swimmer 1), tentacles
a: Begin Untransformation


You were on level 2 of the Dungeon.
You were a hulking beast.
You visited 1 branch of the dungeon, and saw 2 of its levels.

You collected 69 gold pieces.

Inventory:

Hand Weapons
 n - a +0 dagger (weapon)
Jewellery
 d - an amulet of reflection (around mantle)
Talismans
 b - a beast talisman
 c - a flux talisman
Scrolls
 f - 2 scrolls of fear {unknown}
 g - a scroll of brand weapon {unknown}
 h - a scroll of revelation {unknown}
Potions
 e - a potion of attraction {unknown}
 i - 2 potions of curing {unknown}
 j - a potion of haste {unknown}
 k - a potion of enlightenment {unknown}
 l - a potion of resistance {unknown}
 m - a potion of berserk rage {unknown}


   Skills:
 + Level 1.5 Fighting
 + Level 2.3 Dodging
 + Level 3.2 Unarmed Combat
 * Level 3.4 Shapeshifting


You had 2 spell levels left.
You didn't know any spells.
Your spell library contained the following spells:

 Spells                   Type           Power      Damage    Failure   Level
 Dazzling Flash           Conj/Hex       0%         N/A       69%         3
 Mephitic Cloud           Conj/Alch/Air  0%         N/A       69%         3
 Curse of Agony           Necr           0%         N/A       100%        5
 Silence                  Hex/Air        0%         N/A       100%        5


Dungeon Overview and Level Annotations

Branches:
Dungeon (2/15)

Altars:

Annotations:
D:2 Robin, Sigmund


Innate Abilities, Weirdness & Mutations

You are a hulking beast.
Your limbs bulge with bestial killing power. (Slay +1)
You cannot wear most types of armour.
You are amphibious.
You can wear up to eight rings at the same time.
Your skin changes colour to match your surroundings (Stealth+).
Your rubbery body absorbs attacks. (AC +1, EV +1)
((You are camouflaged when in or above water. (Stealth+)))
You have tentacles for arms and can constrict up to eight enemies at once.


Message History

The hobgoblin hits you but does no damage.
You completely miss something. The bat hits you but does no damage. x2
You block the goblin's attack.
A goblin comes into view. It is wielding a +0 dagger.
The hobgoblin hits you but does no damage. x2
Something hits you.
You miss something.
The goblin shouts!
The bat hits you but does no damage. You block the goblin's attack.
The hobgoblin hits you but does no damage. x2
A goblin comes into view. It is wielding a +0 club.
Robin's horned helmet rattles.
Robin throws the goblin at you!
You miss something. The bat hits you but does no damage.
The goblin hits you but does no damage. You block the goblin's attack.
The hobgoblin hits you but does no damage.
Something hits you but does no damage.
The hobgoblin hits you but does no damage.
A goblin comes into view. It is wielding a +0 club.
The goblin shouts!
You hit something. You block the bat's attack. The goblin barely misses you.
The hobgoblin hits you. x2; Something hits you but does no damage.
You hit something but do no damage. You block the bat's attack.
The goblin hits you but does no damage. x2
The hobgoblin hits you but does no damage. x2
The goblin hits you but does no damage.
You barely miss something.
You feel less wooden.
You turn into a hulking beast.
The bat hits you. The goblin hits you with a +0 club.
The goblin hits you but does no damage. The goblin barely misses you.
The hobgoblin barely misses you. x2
Something hits you.
* * * LOW HITPOINT WARNING * * *
Robin says, "Feeling lonely?"
You hit something but do no damage. The bat hits you.
* * * LOW HITPOINT WARNING * * *
The bat closely misses you. The goblin hits you with a +0 club.
* * * LOW HITPOINT WARNING * * *
The goblin hits you with a +0 club.
You die...

.#..... .......
.#?.g.. ..gg...
.g.#.#.
#############gg.....
#..........#gggg....
#.....<).†.ghgK.....
#.[........bg{...|..
#...........########
#...........#
#...........#
###########.# #.#
#.#


You could see Robin, 3 hobgoblins, 9 goblins, a bat and a kobold.

Vanquished Creatures
  An adder (D:2)
  2 dart slugs (D:1)
  3 endoplasms (D:1)
  2 giant cockroaches (D:1)
  3 goblins
  2 hobgoblins (D:1)
  A ball python (D:1)
  2 frilled lizards (D:1)
  3 kobolds (D:1)
  A spectral kobold (D:1)
20 creatures vanquished.

Notes
Turn   | Place    | Note
-------+----------+-------------------------------------------
     0 | D:1      | Killerpretzel the Octopode Shapeshifter began the quest for
                  | the Orb.
     0 | D:1      | Reached XP level 1. HP: 13/13 MP: 1/1
    88 | D:1      | Reached XP level 2. HP: 18/18 MP: 2/2
   118 | D:1      | Found a faded altar of an unknown god.
   664 | D:2      | Reached XP level 3. HP: 17/23 MP: 3/3
   690 | D:2      | Noticed Sigmund
   709 | D:2      | Noticed Robin
   719 | D:2      | Slain by a goblin

Illustrated notes

Levels and vault maps discovered:
D:1:      dpeg_arrival_rooms_a, layout_rooms,
          dreamdust_ecumenical_altar_drowned_temple
D:2:      wad_crossroads, layout_basic, serial_shops, nicolae_shop_waterfront,
          st_stairs_2, uniq_robin, uniq_sigmund

Action                     || total
---------------------------++-------
  Melee: Unarmed           ||    37
         Tentacles         ||     8
         Constrict         ||     8
         Punch             ||     3
         Dagger            ||    30
    Use: Potion            ||     1
   Stab: Sleeping          ||     1
 Armour: Skin              ||    81
  Dodge: Dodged            ||    30
  Block: Other             ||    20
